Frizzbo, neutral female gnomish Wizard ---- --- |..| --.--- |..| .....--------..| ....h.G........| ..rrr.--..----.| h h ...rG......| |.| -.-f.....-- |.| ---- |.| |.| -.| --- ..--.<-- .......| -.....-- ---..-| |...| |...| --.-- --- Frizzbo the Evoker Experience level: 2 Strength: 11 Dexterity: 12 Constitution: 13 Intelligence: 14 Wisdom: 14 Charisma: 12 Health: 0(13) Energy: 22(23) Def: 2 Gold: 282 Moves: 1285 Dungeon seed: ZCBYlIQkz775ls0M Game ID: Frizzbo_1467039656 Your Inventory: Coins $ - 282 gold pieces Weapons a - a blessed +1 quarterstaff m - an uncursed +2 aklys (alternate weapon; not wielded) o - a blessed +3 orcish dagger (weapon in hand) Armor e - an uncursed +0 cloak of magic resistance (being worn) q - an uncursed +0 orcish helm (being worn) Scrolls h - a cursed scroll of create monster l - an uncursed scroll of scare monster Spellbooks b - a blessed spellbook of force bolt c - an uncursed spellbook of haste self Potions i - an uncursed potion of water k - an uncursed potion of extra healing Wands d - an uncursed wand of nothing (0:7) j - an uncursed wand of sleep (0:4) p - an uncursed wand of enlightenment (0:13) Tools f - an uncursed skeleton key Gems n - an uncursed worthless piece of red glass r - 3 uncursed worthless pieces of violet glass Spells and supernatural/magical abilities: Name Level Category Fail Memory a - force bolt 1 attack 8% 94% H - haste self 3 escape 100% 94% W - pray for help -- divine ? -- Your skills at the end: Miscellaneous Skills wands [Basic] Weapon Skills quarterstaff [Basic] crossbow [Basic] Spellcasting Skills attack spells [Basic] enchantment spells [Basic] Final Attributes: You were devoutly aligned. You were magic-protected. You had infravision. You are dead. Vanquished creatures: an acid blob a yellow mold a jackal a fox 3 newts 3 goblins 5 grid bugs 3 lichens 3 kobold zombies 21 creatures vanquished. Voluntary challenges: You did not adorn yourself with jewelry or accessories. You used a wielded weapon 16 times, starting on turn 25. You did not apply a unicorn horn. You read items or engraved 3 times, starting on turn 387. You never genocided any monsters. You never polymorphed an object. You never changed form. You used no wishes. You never split a pudding. You never wrote Elbereth's name. You never violated your personal moral code. Dungeon overview: The Dungeons of Doom: levels 1 to 3 Level 1 a long staircase Level 2 a fountain Level 3 stairs to The Gnomish Mines The Gnomish Mines: Level 4 <- You were here stairs to The Dungeons of Doom History has recorded: On T:1 you entered the Dungeons of Doom to retrieve the Amulet of Yendor! On T:385 you reached level 2 of The Dungeons of Doom. On T:841 you reached level 3 of The Dungeons of Doom. On T:892 you advanced to experience level 2. On T:1211 you reached level 1 of The Gnomish Mines. Score breakdown: Gold: 282 ( 28 points) Experience: 2 levels ( 100 points) Exploration: 4 levels ( 90 points) Discoveries: 1 item ( 50 points) Variety of kills: 9 monsters ( 450 points) Major goal: (nothing yet) ( 0 points) Survival: died (score multiplied by 3) Total score: 2154 Latest messages: You begin praying to Thoth. You are surrounded by a shimmering light. The wererat starts to attack you, but pulls back. Taco bites the wererat. The wererat changes into a rat. The wererat misses Taco. The wererat starts to attack you, but pulls back. Taco misses the wererat. The wererat starts to attack you, but pulls back. Taco bites the wererat. The wererat bites Taco. Taco misses the wererat. You feel that Thoth is well-pleased. Your stomach feels content. You miss the wererat. The wererat summons help! The wererat bites! Taco misses the wererat. You miss the wererat. The sewer rat bites! The wererat bites! Taco misses the wererat. (2x) You miss the wererat. The sewer rat bites! The wererat bites! You die... Final status: Goodbye Frizzbo the Wizard, killed by a wererat... You died in The Gnomish Mines on dungeon level 4 with 2154 points, and 282 pieces of gold, after 1285 moves. You were level 2 with a maximum of 13 hit points when you died.